 Dungeon Crawl Stone Soup version 0.23.2-33-g5129a83184 (webtiles) character file.

Game seed: 7777139733911869179

219 psyvane the Conjurer (level 5, -1/31 HPs)
             Began as an Octopode Conjurer on July 6, 2019.
             Slain by a bullfrog skeleton (2 damage)
             ... on level 4 of the Dungeon.
             The game lasted 00:15:07 (3171 turns).

psyvane the Conjurer (Octopode Conjurer)            Turns: 3171, Time: 00:15:09

Health: -1/31      AC:  1    Str:  7    XL:     5   Next: 96%
Magic:  1/8        EV: 13    Int: 18    God:
Gold:   153        SH:  0    Dex: 13    Spells: 2/8 levels left

rFire    . . .     SeeInvis .   o - +0 flail (crush)
rCold    . . .     Gourm    .   (no shield)
rNeg     . . .     Faith    .   (helmet restricted)
rPois    .         Spirit   .   (no amulet)
rElec    .         Reflect  .   (no ring)
rCorr    .         Harm     .   (no ring)
MR       .....                  (no ring)
Stlth    +++.......             (no ring)
HPRegen  0.10/turn              (no ring)
MPRegen  0.11/turn              (no ring)
                                (no ring)
                                (no ring)

@: flying
A: almost no armour, stealthy swim, amphibious, 8 rings, constrict 8, camouflage
1, gelatinous body 1
a: no special abilities


You were on level 4 of the Dungeon.
You were not hungry.

You visited 1 branch of the dungeon, and saw 4 of its levels.

You collected 153 gold pieces.

Inventory:

Hand Weapons
 c - a +0 whip
 k - a +0 trident
 o - a +0 flail of crushing (weapon)
Missiles
 i - 5 needles of paralysis
Scrolls
 a - 4 scrolls of identify {unknown}
 f - a scroll of noise {unknown}
 h - 3 scrolls of teleportation
 l - 2 scrolls of amnesia {unknown}
 m - a scroll of enchant armour {unknown}
Potions
 d - a potion of heal wounds {unknown}
 e - a potion of degeneration {unknown}
 g - a potion of flight
 j - a potion of brilliance {unknown}
Comestibles
 b - 8 rations
 n - a chunk of flesh


   Skills:
 - Level 2.0 Dodging
 - Level 2.6 Stealth
 - Level 2.0 Spellcasting
 - Level 6.2 Conjurations
 * Level 2.9 Hexes


You had 2 spell levels left.
You knew the following spells:

 Your Spells              Type           Power        Failure   Level  Hunger
a - Magic Dart            Conj           ###.         1%          1    #......
b - Searing Ray           Conj           ###...       2%          2    ###....
c - Dazzling Spray        Conj/Hex       ###...       9%          3    ###....

Your spell library contained the following spells:

 Spells                   Type           Power        Failure   Level  Hunger
 Iskenderun's Mystic Bla  Conj           ###.....     14%         4    #####..
 Fulminant Prism          Conj/Hex       ###.......   28%         4    #####..
 Force Lance              Conj/Tloc      ##......     45%         4    #####..


Dungeon Overview and Level Annotations

Branches:
Dungeon (3/15)

Altars:
Nemelex Xobeh


Innate Abilities, Weirdness & Mutations

You cannot wear most types of armour.
You are very stealthy in the water. (Stealth+)
You are amphibious.
You can wear up to eight rings at the same time.
You can use your tentacles to constrict eight enemies at once.
Your skin changes colour to match your surroundings (Stealth+).
Your rubbery body absorbs attacks. (AC +1, EV +1)


Message History

You constrict the gnoll, but do no damage.
The gnoll hits you with a +0 spear.
* * * LOW HITPOINT WARNING * * *
You hit the gnoll.
You kill the gnoll!
The bullfrog skeleton hits you but does no damage.
You hit the bullfrog skeleton. You grab the bullfrog skeleton.
The bullfrog skeleton is lightly damaged.
You constrict the bullfrog skeleton.
The bullfrog skeleton closely misses you. x2
You hit the bullfrog skeleton. You squeeze the bullfrog skeleton.
The bullfrog skeleton is moderately damaged.
You constrict the bullfrog skeleton. The bullfrog skeleton hits you!
* * * LOW HITPOINT WARNING * * *
It was a potion of flight.
You feel very buoyant.
You fly up into the air.
You constrict the bullfrog skeleton.
The bullfrog skeleton hits you but does no damage.
The bullfrog skeleton hits you.
You die...

.o############....#.###
...# #....#.# #...#
#....# . .....# ##.#รท#
. ......# #.#.# ###..
......# #.#)#......
.......# #.#).......
......# ###.Z##.##.#.
#...@##.# #...[.# .
#...#.# #. #..... ...
.# #.#### ...# . #.
..... # #..##. #.. .
..#


You could see a bullfrog skeleton.

Vanquished Creatures
  An orc wizard (D:3)
  A worker ant (D:4)
  A hound skeleton (D:4)
  A gnoll (D:4)
  7 adders
  2 oozes (D:1)
  A worm (D:3)
  2 dart slugs
  A leopard gecko (D:3)
  9 orcs
  A giant cockroach (D:1)
  5 hobgoblins
  4 jackals
  A quokka (D:2)
  2 ball pythons
  9 bats
  2 frilled lizards
  5 goblins
  5 kobolds
  7 rats
67 creatures vanquished.

Notes
Turn   | Place    | Note
-------+----------+-------------------------------------------
     0 | D:1      | psyvane the Octopode Conjurer began the quest for the Orb.
     0 | D:1      | Reached XP level 1. HP: 11/11 MP: 3/3
   436 | D:1      | Reached XP level 2. HP: 17/17 MP: 0/5
   616 | D:1      | Reached XP level 3. HP: 21/21 MP: 1/6
  1069 | D:2      | Reached skill level 5 in Conjurations
  1745 | D:3      | Reached XP level 4. HP: 22/27 MP: 1/7
  2134 | D:3      | Learned a level 2 spell: Searing Ray
  2214 | D:3      | Reached skill level 6 in Conjurations
  2214 | D:3      | Reached XP level 5. HP: 31/31 MP: 5/8
  2262 | D:3      | Learned a level 3 spell: Dazzling Spray
  2460 | D:3      | Found a faded altar of an unknown god.
  2690 | D:3      | You fall through a shaft!
  2702 | D:4      | Reached skill level 1 in Hexes
  2935 | D:4      | Found a sparkling altar of Nemelex Xobeh.
  3170 | D:4      | HP: 1/31 [bullfrog skeleton (7)]
  3171 | D:4      | Slain by a bullfrog skeleton

Skill      XL: |  1  2  3  4  5 |
---------------+----------------+-----
Conjurations   | 5 6 |  6.2
Hexes          | 2 |  2.9
Dodging        | |  2.0
Stealth        | |  2.6
Spellcasting   | |  2.0

Action                   |  1- 3 |  4- 6 || total
-------------------------+-------+-------++-------
Melee: Constrict         |     5 |    10 ||    15
       Whip              |    12 |    12 ||    24
       Tentacles         |     5 |     8 ||    13
       Unarmed           |     1 |       ||     1
       Trident           |       |    17 ||    17
       Flail             |       |     4 ||     4
 Cast: Magic Dart        |    65 |    68 ||   133
  Use: Scroll            |       |     1 ||     1
       Potion            |       |     1 ||     1
 Stab: Sleeping          |     2 |       ||     2
  Eat: Chunk             |     3 |     6 ||     9
Armor: Skin              |     4 |     7 ||    11
Dodge: Dodged            |    16 |    24 ||    40
